 Dungeon Crawl Stone Soup version 0.29.0-4-gdea44cf6ec (webtiles) character file.

Game seed: 4061133689456573630

102 qw the Chopper (level 4, -7/36 HPs)
             Began as a Barachi Chaos Knight on Sept 3, 2022.
             Mangled by a soul eater (19 damage)
             ... summoned by Xom
             ... on level 2 of the Dungeon.
             The game lasted 00:01:01 (1730 turns).

qw the Chopper (Barachi Chaos Knight)               Turns: 1730, Time: 00:01:02

Health: -7/36      AC:  6    Str: 22    XL:     4   Next: 77%
Magic:  4/4        EV: 10    Int: 12    God:
Gold:   87         SH:  0    Dex: 11    Spells: 3/3 levels left

rFire   . . .      SeeInvis .   Y - +0 hand axe (chaos)
rCold   . . .      Faith    .   (no shield)
rNeg    . . .      Spirit   .   k - +0 scale mail
rPois   .          Reflect  .   (no helmet)
rElec   .          Harm     .   (no cloak)
rCorr   .          Rampage  .   (no gloves)
Will    .....                   (no boots)
Stlth   ..........              (no amulet)
HPRegen 0.12/turn               f - +6 ring of strength
MPRegen 0.09/turn               (no ring)

@: spiked, slow
A: amphibious, slowness 1, strong legs 1, +LOS
a: Hop


You were on level 2 of the Dungeon.
You visited 1 branch of the dungeon, and saw 3 of its levels.

You collected 87 gold pieces.


Innate Abilities, Weirdness & Mutations

You are amphibious.
You cover ground slowly.
You can hop short distances.
You have an extended range of vision and can be seen from far away.


   Skills:
 - Level 3.6 Fighting
 + Level 5.9 Axes
 - Level 2.4 Armour
 - Level 1.1 Dodging


You had 3 spell levels left.
You didn't know any spells.
Your spell library was empty.

Inventory:

Hand Weapons
 b - a +0 flail
 Y - a +0 hand axe of chaos (weapon)
Armour
 k - a +0 scale mail (worn)
 m - a +0 helmet
Jewellery
 f - a +6 ring of strength (left hand)
Scrolls
 a - a scroll of identify
 l - a scroll of teleportation {unknown}
Potions
 d - a potion of heal wounds
 e - a potion of berserk rage {unknown}
 g - a potion of mutation
 h - a potion of might {unknown}
 i - 2 potions of curing {unknown}
 j - 2 potions of cancellation {unknown}
Miscellaneous
 c - a piece from Xom's chessboard (15/15)

Dungeon Overview and Level Annotations

Branches:
Dungeon (3/15)

Altars:


Message History

The quasit closely misses you. The soul eater barely misses you.
The ice devil closely misses you.
The red devil hits you from afar with a +0 trident.
Barbed spikes become lodged in your body.
The orange demon stings you from afar!
You hit the quasit.
The quasit is almost dead.
You hit the crimson imp.
You catch the helpless iron imp completely off-guard!
You hit the iron imp but do no damage.
You hit the soul eater but do no damage.
The soul eater flickers and vanishes!
Deactivating autopickup; reactivate with Ctrl-A.
You hit the ice devil. You burn the ice devil.
You hit the quasit but do no damage. You closely miss the ufetubus.
The ufetubus barely misses you. The ufetubus hits you.
The iron imp closely misses the shadow imp.
The quasit closely misses you. The quasit barely misses you.
The quasit claws you but does no damage.
The orange demon stings you from afar.
The red devil hits you from afar with a +0 trident.
Barbed spikes become lodged in your body.
The crimson imp blinks!
The ice devil hits you but does no damage.
Something hits you but does no damage.
You hit the quasit.
You kill the quasit!
The quasit disappears in a puff of smoke!
You barely miss the iron imp. You slash the crimson imp!
The crimson imp's magic leaks into the air.
You hit the iron imp but do no damage. You hit something.
Nothing appears to happen.
You barely miss the ice devil. You closely miss the quasit.
The quasit bites you but does no damage.
The quasit claws you but does no damage.
The quasit closely misses you.
The iron imp misses the shadow imp.
The crimson imp hits you but does no damage.
The red devil barely misses you. Something hits you!!
Ouch! That really hurt!
You die...

.##.##.## #^...#.###.#..##.....
....%...# #....#.# #.#.###.#...
........# #....#.# #...###.#.##
........# #....#.# #.......#.#.
........# #....#.# #.......#...
........# #....#.###.......#.#.
........## #..54#.....#.....###.
#######..####..{ยค#..##.#.......+.
..# ##......44@55......(..####.
#.# #####.>45555.........# ## ..#
#####5...........# # #.#
#............##### #.#
#...........(..... #.#
#................. ..#
#########................. ..#
#..............#####...... ..#
#..............##.........


You could see an orange demon (summoned), an ice devil (summoned), a chaos spawn
(summoned), a red devil (summoned), 3 iron imps, a quasit (summoned), 2 crimson
imps, a shadow imp (summoned) and an ufetubus (summoned).

Vanquished Creatures
  Terence (D:3)
  3 gnolls (D:2)
  An adder (D:2)
  A dart slug (D:2)
  A worm (D:2)
  5 bats
  3 endoplasms
  4 giant cockroaches
  7 hobgoblins
  A quokka (D:1)
  A ball python (D:3)
  A frilled lizard (D:2)
  2 goblins (D:1)
  3 kobolds
  2 rats
36 creatures vanquished.

Notes
Turn   | Place    | Note
-------+----------+-------------------------------------------
     0 | D:1      | qw the Barachi Chaos Knight began the quest for the Orb.
     0 | D:1      | Reached XP level 1. HP: 18/18 MP: 1/1
     0 | D:1      | 0 ||| qw: Version: 0.1-a-102-g441f92d
     0 | D:1      | 0 ||| qw: Game counter: 5286
     0 | D:1      | 0 ||| qw: Always use a shield: true
     0 | D:1      | 0 ||| qw: God list: Okawaru
     0 | D:1      | 0 ||| qw: Allow faded altars: false
     0 | D:1      | 0 ||| qw: Do Orc after D:15 true
     0 | D:1      | 0 ||| qw: Do second Lair branch before Depths: true
     0 | D:1      | 0 ||| qw: Lair rune preference: random
     0 | D:1      | 0 ||| qw: Plans: Normal
     0 | D:1      | 0 ||| PLANNING D:1-11
     0 | D:1      | Fell from the grace of Xom
   241 | D:1      | 241 ||| Stepping ~*~*~tactically~*~*~ (stealth).
   248 | D:1      | Reached XP level 2. HP: 24/24 MP: 2/2
   513 | D:1      | Reached skill level 4 in Axes
   748 | D:1      | 748 ||| UPGRADING to +0 scale mail.
   758 | D:1      | 758 ||| DROPPING +2 leather armour.
   759 | D:1      | 759 ||| UPGRADING to +6 ring of strength.
   760 | D:1      | 760 ||| READING 3 scrolls labelled IBRYER QAFI.
   761 | D:1      | 761 ||| DRINKING 3 fuming ruby potions.
   762 | D:1      | 762 ||| READING 2 scrolls of identify.
   762 | D:1      | 762 ||| IDENTIFYING fizzy inky potion
   825 | D:2      | Reached XP level 3. HP: 21/29 MP: 3/3
   826 | D:2      | 826 ||| FLEEEEING.
   827 | D:2      | 827 ||| FLEEEEING.
   828 | D:2      | 828 ||| FLEEEEING.
   829 | D:2      | 829 ||| FLEEEEING.
   833 | D:2      | HP: 7/29 [gnoll/+0 flail (6)]
   834 | D:2      | 834 ||| DRINKING 2 potions of heal wounds.
   863 | D:2      | Reached skill level 5 in Axes
  1005 | D:2      | 1005 ||| Stepping ~*~*~tactically~*~*~ (stealth).
  1012 | D:2      | 1012 ||| Stepping ~*~*~tactically~*~*~ (stealth).
  1033 | D:2      | You fall into a shaft and drop 1 floor!
  1074 | D:3      | Noticed Terence
  1085 | D:3      | Killed Terence
  1086 | D:3      | Reached XP level 4. HP: 28/36 MP: 4/4
  1190 | D:3      | 1190 ||| Stepping ~*~*~tactically~*~*~ (stealth).
  1193 | D:3      | 1193 ||| Stepping ~*~*~tactically~*~*~ (stealth).
  1209 | D:3      | 1209 ||| Stepping ~*~*~tactically~*~*~ (stealth).
  1457 | D:2      | 1457 ||| Stepping ~*~*~tactically~*~*~ (stealth).
  1458 | D:2      | 1458 ||| Stepping ~*~*~tactically~*~*~ (stealth).
  1490 | D:2      | Found a faded altar of an unknown god.
  1496 | D:2      | 1496 ||| Stepping ~*~*~tactically~*~*~ (stealth).
  1726 | D:2      | XOM: summons 14 hostile demons
  1727 | D:2      | Noticed a red devil
  1727 | D:2      | Noticed an ice devil
  1727 | D:2      | Noticed an orange demon
  1727 | D:2      | Noticed a chaos spawn
  1727 | D:2      | Noticed a soul eater
  1730 | D:2      | Mangled by a soul eater

Levels and vault maps discovered:
D:1:      psy_arrival_conway, layout_basic
D:2:      layout_basic, ebering_ecumenical_altar_box
D:3:      layout_loops_cross, minmay_box_of_dots, uniq_terence

Skill      XL: |  1  2  3 |
---------------+----------+-----
Axes           | 4 5 |  5.9
Fighting       | |  3.6
Armour         | |  2.4
Dodging        | |  1.1

Action                   |  1- 3 |  4- 6 || total
-------------------------+-------+-------++-------
Melee: Hand axe          |    60 |    46 ||   106
       Punch             |     1 |       ||     1
Invok: Renounce Religion |     1 |       ||     1
  Use: Scroll            |     2 |       ||     2
       Potion            |     2 |       ||     2
 Stab: Confused          |       |     1 ||     1
Armor: Leather armour    |    12 |       ||    12
       Scale mail        |     8 |    21 ||    29
Dodge: Dodged            |    26 |    27 ||    53

Table legend:
 A = Non-vault XP
 B = Vault XP
 C = Vault XP percentage of total XP
 D = Non-vault monster count
 E = Vault monster count
 F = Vault count percentage of total count
                 A         B        C        D         E       F
            +---------+---------+-------+---------+---------+-------
      Total |     110 |      36 |  24.7 |      35 |       1 |   2.8
            +---------+---------+-------+---------+---------+-------
        D:1 |      14 |       0 |   0.0 |       8 |       0 |   0.0
        D:2 |      87 |       0 |   0.0 |      21 |       0 |   0.0
        D:3 |       9 |      36 |  80.0 |       6 |       1 |  14.3
            +---------+---------+-------+---------+---------+-------
